BSA
PLYMOUTH ROCKS @ BAFFIN ISLAND BEAVERS
09/16/2025
 
TOP OF THE 1ST
Plymouth Rocks batting - Pitching for Baffin Island Beavers : RHP Robert Reeves
Pitching: RHP Robert Reeves
Batting: RHB Anthony Rucker 0-0: Called Strike
0-1: Ball
1-1: Called Strike
1-2: Ball
2-2: Strikes out swinging
Batting: LHB Roger Moore 0-0: Called Strike
0-1: Ball
1-1: Ball
2-1: Fly out, F4 (Popup, 4)
Batting: RHB António Gonzáles 0-0: Ball
1-0: DOUBLE (Flyball, 8RXD)
Batting: LHB Roy Patrick 0-0: Called Strike
0-1: Ball
1-1: Swinging Strike
1-2: Strikes out swinging
Top of the 1st over - 0 run(s), 1 hit(s), 0 error(s), 1 left on base; Plymouth 0 - Baffin Island 0
BOTTOM OF THE 1ST
Baffin Island Beavers batting - Pitching for Plymouth Rocks : RHP Lorenzo Aguilar
Pitching: RHP Lorenzo Aguilar
Batting: LHB Chris Bates 0-0: Ball
1-0: Ball
2-0: Foul Ball, location: 2F
2-1: Ball
3-1: Base on Balls
Batting: LHB Jeff Cole 0-0: Ball
1-0: Ball
2-0: Foul Ball, location: 2F
2-1: Ball
3-1: Base on Balls
Chris Bates to second
Batting: SHB Alonso Ferreira 0-0: Fly out, F8 (Flyball, 8RXD)
Runner from 2nd tags up, SAFE at 3rd, no throw
Batting: RHB Tony Morton 0-0: Ball
1-0: Fly out, F9 (Line Drive, 89S)
Batting: LHB Mario García 0-0: Ball
1-0: Foul Ball, location: 2F
1-1: Ground out U3 (Groundball, 3L)
Bottom of the 1st over - 0 run(s), 0 hit(s), 0 error(s), 2 left on base; Plymouth 0 - Baffin Island 0
TOP OF THE 2ND
Plymouth Rocks batting - Pitching for Baffin Island Beavers : RHP Robert Reeves
Batting: RHB Bonifacio Torres 0-0: Ball
1-0: SINGLE (Flyball, 89S)
Batting: LHB Frank Geddes 0-0: Ball
1-0: Swinging Strike
1-1: Foul Ball, location: 2F
1-2: Ball
Wild Pitch!
Bonifacio Torres to second
2-2: Strikes out swinging
Batting: RHB Andrés Lara 0-0: Ball
1-0: Foul Ball, location: 2F
1-1: Called Strike
1-2: Fly out, F7 (Flyball, 7M)
Batting: LHB Barrett Waters 0-0: Called Strike
0-1: Ball
1-1: Ball
2-1: Swinging Strike
2-2: Strikes out swinging
Top of the 2nd over - 0 run(s), 1 hit(s), 0 error(s), 1 left on base; Plymouth 0 - Baffin Island 0
BOTTOM OF THE 2ND
Baffin Island Beavers batting - Pitching for Plymouth Rocks : RHP Lorenzo Aguilar
Batting: LHB Lorenzo Villa 0-0: Called Strike
0-1: Foul Ball, location: 2F
0-2: Ball
1-2: DOUBLE (Line Drive, 3L)
Batting: RHB Pepe Medrano 0-0: SINGLE (Flyball, 9LS)
Lorenzo Villa to third
Batting: LHB Keng-chi Lao 0-0: Ball
1-0: Fielders Choice at 2nd, 1-6 (Groundball, 13S)
Batting: RHB Bryan Sandstrom 0-0: Ball
1-0: Ground out 5-3 (Groundball, 56S)
Lorenzo Villa scores
Keng-chi Lao to second
Batting: LHB Chris Bates 0-0: Ball
1-0: Ball
2-0: Fly out, F7 (Flyball, 7LM)
Bottom of the 2nd over - 1 run(s), 2 hit(s), 0 error(s), 1 left on base; Plymouth 0 - Baffin Island 1
TOP OF THE 3RD
Plymouth Rocks batting - Pitching for Baffin Island Beavers : RHP Robert Reeves
Batting: RHB Jorge Jiménez 0-0: Ball
1-0: Called Strike
1-1: SOLO HOME RUN (Flyball, 89XD), Distance : 479 ft
Batting: RHB Anthony Rucker 0-0: Ball
1-0: Called Strike
1-1: SINGLE (Line Drive, 3)
Batting: LHB Roger Moore 0-0: Ball
1-0: Swinging Strike
1-1: Called Strike
1-2: Foul Ball, location: 2F
1-2: Strikes out swinging
Batting: RHB António Gonzáles 0-0: Ball
1-0: Ball
2-0: Called Strike
2-1: Ball
3-1: Foul Ball, location: 2F
3-2: Strikes out swinging
Batting: LHB Roy Patrick 0-0: Ball
1-0: Called Strike
1-1: Foul Ball, location: 2F
1-2: Strikes out swinging
Top of the 3rd over - 1 run(s), 2 hit(s), 0 error(s), 1 left on base; Plymouth 1 - Baffin Island 1
BOTTOM OF THE 3RD
Baffin Island Beavers batting - Pitching for Plymouth Rocks : RHP Lorenzo Aguilar
Batting: LHB Jeff Cole 0-0: Called Strike
0-1: Ground out 6-3 (Groundball, 6)
Batting: SHB Alonso Ferreira 0-0: Swinging Strike
0-1: Fly out, F9 (Flyball, 89M)
Batting: RHB Tony Morton 0-0: Ball
1-0: Ground out 4-3 (Groundball, 4)
Bottom of the 3rd over - 0 run(s), 0 hit(s), 0 error(s), 0 left on base; Plymouth 1 - Baffin Island 1
TOP OF THE 4TH
Plymouth Rocks batting - Pitching for Baffin Island Beavers : RHP Robert Reeves
Batting: RHB Bonifacio Torres 0-0: Called Strike
0-1: Foul Ball, location: 2F
0-2: Ball
1-2: Foul Ball, location: 2F
1-2: Strikes out swinging
Batting: LHB Frank Geddes 0-0: Called Strike
0-1: Ball
1-1: Ball
2-1: Foul Ball, location: 2F
2-2: Strikes out swinging
Batting: RHB Andrés Lara 0-0: Called Strike
0-1: Ground out 6-3 (Groundball, 6)
Top of the 4th over - 0 run(s), 0 hit(s), 0 error(s), 0 left on base; Plymouth 1 - Baffin Island 1
BOTTOM OF THE 4TH
Baffin Island Beavers batting - Pitching for Plymouth Rocks : RHP Lorenzo Aguilar
Batting: LHB Mario García 0-0: Called Strike
0-1: Ball
1-1: Called Strike
1-2: Fly out, F9 (Flyball, 9D)
Batting: LHB Lorenzo Villa 0-0: Ball
1-0: Ball
2-0: Ground out 4-3 (Groundball, 4)
Batting: RHB Pepe Medrano 0-0: Ball
1-0: Foul Ball, location: 2F
1-1: Ground out 6-3 (Groundball, 6)
Bottom of the 4th over - 0 run(s), 0 hit(s), 0 error(s), 0 left on base; Plymouth 1 - Baffin Island 1
TOP OF THE 5TH
Plymouth Rocks batting - Pitching for Baffin Island Beavers : RHP Robert Reeves
Batting: LHB Barrett Waters 0-0: Called Strike
0-1: Called Strike
0-2: Ball
1-2: Fly out, F6 (Line Drive, 6)
Batting: RHB Jorge Jiménez 0-0: Foul Ball, location: 2F
0-1: Ball
1-1: Ball
2-1: Called Strike
2-2: Foul Ball, location: 2F
2-2: SINGLE (Groundball, 15S) (infield hit)
Batting: RHB Anthony Rucker 0-0: Ball
Jorge Jiménez is caught stealing 2nd base
1-0: Foul Ball, location: 2F
1-1: Ball
2-1: Called Strike
2-2: Strikes out swinging
Top of the 5th over - 0 run(s), 1 hit(s), 0 error(s), 0 left on base; Plymouth 1 - Baffin Island 1
BOTTOM OF THE 5TH
Baffin Island Beavers batting - Pitching for Plymouth Rocks : RHP Lorenzo Aguilar
Batting: LHB Keng-chi Lao 0-0: Fly out, F7 (Flyball, 78XD)
Batting: RHB Bryan Sandstrom 0-0: Ball
1-0: Foul Ball, location: 2F
1-1: Ball
2-1: Foul Ball, location: 2F
2-2: Strikes out looking
Batting: LHB Chris Bates 0-0: Called Strike
0-1: Fly out, F7 (Line Drive, 7D)
Bottom of the 5th over - 0 run(s), 0 hit(s), 0 error(s), 0 left on base; Plymouth 1 - Baffin Island 1
TOP OF THE 6TH
Plymouth Rocks batting - Pitching for Baffin Island Beavers : RHP Robert Reeves
Batting: LHB Roger Moore 0-0: Called Strike
0-1: Fly out, F8 (Flyball, 8LM)
Batting: RHB António Gonzáles 0-0: Called Strike
0-1: Foul Ball, location: 2F
0-2: Ball
1-2: Strikes out swinging
Batting: LHB Roy Patrick 0-0: Called Strike
0-1: Ball
1-1: Ball
2-1: Swinging Strike
2-2: Strikes out swinging
Top of the 6th over - 0 run(s), 0 hit(s), 0 error(s), 0 left on base; Plymouth 1 - Baffin Island 1
BOTTOM OF THE 6TH
Baffin Island Beavers batting - Pitching for Plymouth Rocks : RHP Lorenzo Aguilar
Batting: LHB Jeff Cole 0-0: Ball
1-0: Called Strike
1-1: Swinging Strike
1-2: Ball
2-2: Foul Ball, location: 2F
2-2: Ball
3-2: Base on Balls
Batting: SHB Alonso Ferreira 0-0: Foul Ball, location: 2F
0-1: Called Strike
0-2: Ball
1-2: Foul Ball, location: 2F
1-2: Ball
2-2: Ball
3-2: Base on Balls
Jeff Cole to second
Batting: RHB Tony Morton 0-0: Foul Ball, location: 2F
0-1: Foul Ball, location: 2F
0-2: Ball
1-2: Ball
2-2: Foul Ball, location: 2F
2-2: SINGLE (Groundball, 6MD)
Jeff Cole to third
Alonso Ferreira to second
Runner from 3rd tries for Home, SAFE, throw made home
Alonso Ferreira to third
Tony Morton to second
Batting: LHB Mario García 0-0: Ball
1-0: Called Strike
1-1: Foul Ball, location: 2F
1-2: Fly out, F4 (Line Drive, 4)
Batting: LHB Lorenzo Villa 0-0: Intentional Walk
Batting: RHB Pepe Medrano 0-0: Called Strike
0-1: Ball
1-1: Foul Ball, location: 2F
1-2: DOUBLE (Line Drive, 5D)
Alonso Ferreira scores
Tony Morton scores
Lorenzo Villa to third
Pinch Runner at 2nd Mario López:
Batting: LHB Keng-chi Lao 0-0: Intentional Walk
Batting: RHB Bryan Sandstrom 0-0: SINGLE (Line Drive, 9S)
Lorenzo Villa scores
Mario López to third
Keng-chi Lao to second
Runner from 3rd tries for Home, SAFE, throw made home
Pitching: RHP Jack Walker
Batting: LHB Chris Bates 0-0: Foul Ball, location: 2F
0-1: Ball
1-1: Ball
2-1: Ball
3-1: 3-RUN HOME RUN (Flyball, 9D), Distance : 419 ft
Batting: LHB Jeff Cole 0-0: Ball
1-0: Ball
2-0: DOUBLE (Line Drive, 3L)
Batting: SHB Alonso Ferreira 0-0: Called Strike
0-1: Foul Ball, location: 2F
0-2: Ball
1-2: Foul Ball, location: 2F
1-2: Ball
2-2: Foul Ball, location: 2F
2-2: Fly out, F4 (Popup, 34)
Batting: RHB Tony Morton 0-0: Ball
1-0: Foul Ball, location: 2F
1-1: Called Strike
1-2: Ball
2-2: Ground out 6-3 (Groundball, 56)
Bottom of the 6th over - 8 run(s), 5 hit(s), 0 error(s), 1 left on base; Plymouth 1 - Baffin Island 9
TOP OF THE 7TH
Plymouth Rocks batting - Pitching for Baffin Island Beavers : RHP Robert Reeves
Now at SS: Mario López
Batting: RHB Bonifacio Torres 0-0: Called Strike
0-1: Called Strike
0-2: Ground out 1-3 (Groundball, 13)
Batting: LHB Frank Geddes 0-0: Ground out 1-3 (Groundball, 15S)
Batting: RHB Andrés Lara 0-0: Called Strike
0-1: SOLO HOME RUN (Flyball, 7D), Distance : 430 ft
Batting: LHB Barrett Waters 0-0: Ball
1-0: Swinging Strike
1-1: Foul Ball, location: 2F
1-2: Ball
2-2: Ball
3-2: Strikes out swinging
Top of the 7th over - 1 run(s), 1 hit(s), 0 error(s), 0 left on base; Plymouth 2 - Baffin Island 9
BOTTOM OF THE 7TH
Baffin Island Beavers batting - Pitching for Plymouth Rocks : RHP Jack Walker
Batting: LHB Mario García 0-0: Ball
1-0: Called Strike
1-1: Ball
2-1: Foul Ball, location: 2F
2-2: Ball
3-2: Fly out, F7 (Flyball, 78M)
Batting: LHB Lorenzo Villa 0-0: Called Strike
0-1: Ball
1-1: Called Strike
1-2: Strikes out looking
Batting: RHB Mario López 0-0: Ball
1-0: Called Strike
1-1: Ball
2-1: Foul Ball, location: 2F
2-2: Ball
3-2: Ground out 4-3 (Groundball, 4M)
Bottom of the 7th over - 0 run(s), 0 hit(s), 0 error(s), 0 left on base; Plymouth 2 - Baffin Island 9
TOP OF THE 8TH
Plymouth Rocks batting - Pitching for Baffin Island Beavers : RHP Robert Reeves
Batting: RHB Jorge Jiménez 0-0: Swinging Strike
0-1: Ball
1-1: Foul Ball, location: 2F
1-2: Ball
2-2: Foul Ball, location: 2F
2-2: Fly out, F8 (Flyball, 78D)
Pitching: LHP Manuel Parra
Batting: RHB Anthony Rucker 0-0: Ball
1-0: Ball
2-0: Called Strike
2-1: SINGLE (Flyball, 78S)
Batting: LHB Roger Moore 0-0: Called Strike
0-1: Ball
1-1: SINGLE (Groundball, 34D) (infield hit)
Anthony Rucker to second
Batting: RHB António Gonzáles 0-0: DOUBLE (Line Drive, 7LM)
Anthony Rucker scores
Roger Moore to third
Batting: LHB Roy Patrick 0-0: Ball
1-0: Ball
2-0: SINGLE (Groundball, 25) (infield hit)
Batting: RHB Bonifacio Torres 0-0: Called Strike
0-1: Ball
1-1: Swinging Strike
1-2: Foul Ball, location: 2F
1-2: Grounds into double play, 5-4-3 (Groundball, 5)
Top of the 8th over - 1 run(s), 4 hit(s), 0 error(s), 2 left on base; Plymouth 3 - Baffin Island 9
BOTTOM OF THE 8TH
Baffin Island Beavers batting - Pitching for Plymouth Rocks : RHP Jack Walker
Batting: LHB Keng-chi Lao 0-0: Ball
1-0: Called Strike
1-1: Swinging Strike
1-2: Ball
2-2: Ball
3-2: Base on Balls
Batting: RHB Bryan Sandstrom 0-0: Called Strike
0-1: Sac Bunt - play at first, batter OUT! 1-3
Keng-chi Lao to second
Pitching: LHP Takaaki Omori
Batting: LHB Chris Bates 0-0: Called Strike
0-1: Ball
1-1: Called Strike
1-2: Ground out 1-3 (Groundball, 13S)
Keng-chi Lao to third
Batting: LHB Jeff Cole 0-0: Foul Ball, location: 2F
0-1: Ball
1-1: Foul Ball, location: 2F
1-2: Fly out, F7 (Flyball, 78M)
Bottom of the 8th over - 0 run(s), 0 hit(s), 0 error(s), 1 left on base; Plymouth 3 - Baffin Island 9
TOP OF THE 9TH
Plymouth Rocks batting - Pitching for Baffin Island Beavers : LHP Manuel Parra
Batting: LHB Frank Geddes 0-0: Fly out, F8 (Flyball, 8LM)
Batting: RHB Andrés Lara 0-0: Called Strike
0-1: Ground out 5-3 (Groundball, 56S)
Batting: LHB Barrett Waters 0-0: Called Strike
0-1: Foul Ball, location: 2F
0-2: Ball
1-2: Ground out U3 (Groundball, 3)
Top of the 9th over - 0 run(s), 0 hit(s), 0 error(s), 0 left on base; Plymouth 3 - Baffin Island 9
This league is powered by Out of the Park Baseball, the baseball management simulation game for PC, Mac and Linux
Tuesday, August 2nd, 2016 - OOTP Baseball 16.8 Build 38